 Dungeon Crawl Stone Soup version 0.29-a0-1027-gcd8c55af63 (webtiles) character file.

Game seed: 10353904297182030401

58803 nono the Fighter (level 14, -6/117 (124) HPs)
             Began as a Palentonga Fighter on Aug 13, 2022.
             Was a High Priest of Okawaru.
             Mangled by an ogre
             ... wielding a +0 giant club
              (15 damage)
             ... on level 1 of the Orcish Mines.
             The game lasted 01:49:06 (24847 turns).

nono the Fighter (Palentonga Fighter)              Turns: 24847, Time: 01:49:07

HP:   -6/117 (124)  AC: 32    Str: 26    XL:     14   Next: 50%
MP:   6/11          EV:  7    Int:  9    God:    Okawaru [*****.]
Gold: 836           SH: 15    Dex:  7    Spells: 19/19 levels left

rFire   + . .      SeeInvis +   b - +2 demon whip (vamp)
rCold   + + +      Faith    .   X - +3 buckler of Dixoaroq {+Blink rElec Dex-5}
rNeg    . . .      Spirit   .   Y - +1 chain mail of Negation {rC+++ MP-9 Dex+2}
rPois   .          Reflect  +   (no helmet)
rElec   +          Harm     .   w - +0 cloak
rCorr   .          Rampage  .   G - +1 pair of gloves
Will    ++...                   Z - +2 barding {rC+}
Stlth   ..........              V - amulet of reflection
HPRegen 0.29/turn               l - ring of fire
MPRegen 0.12/turn               U - ring of willpower

@: heroic, finesse-ful, drained, curled up
A: large, rugged brown scales 3, see invisible, deformed body, roll 1, armoured
tail, reflexive curl
a: Rolling Charge, Renounce Religion, Evoke Blink, Heroism, Finesse, Duel


You were on level 1 of the Orcish Mines.
You worshipped Okawaru.
Okawaru was extremely pleased with you.
You visited 4 branches of the dungeon, and saw 19 of its levels.
You also visited: Gauntlet.

You collected 1317 gold pieces.
You spent 481 gold pieces at shops.

Inventory:

Hand Weapons
 a - a +2 flail of holy wrath
 b - a +2 vampiric demon whip (weapon)
Missiles
 j - 7 throwing nets
Armour
 c - a +2 plate armour of cold resistance
 q - a +0 kite shield
 w - a +0 cloak (worn)
 z - the +0 barding of Cazirrecs {Drain rCorr Int+2}
   (Okawaru gifted it to you on level 2 of the Lair of Beasts)

   Int:       It affects your intelligence (+2).
   rCorr:     It protects you from acid and corrosion.
   Drain:     It drains your maximum health when unequipped.
 G - a +1 pair of gloves (worn)
 X - the +3 buckler of Dixoaroq (worn) {+Blink rElec Dex-5}
   (You bought it in a shop on level 3 of the Dungeon)

   Dex:       It affects your dexterity (-5).
   rElec:     It insulates you from electricity.
   +Blink:    It lets you blink.
 Y - the +1 chain mail of Negation (worn) {rC+++ MP-9 Dex+2}
   (You found it in a Gauntlet)

   Dex:       It affects your dexterity (+2).
   rC:        It renders you almost immune to cold.
   MP:        It affects your magic capacity (-9).
 Z - a +2 barding of cold resistance (worn)
Jewellery
 e - an amulet of the acrobat
 l - a ring of fire (left hand)
 E - a ring of protection from cold
 F - a +4 ring of evasion
 M - a +4 ring of protection
 N - a +6 ring of strength
 P - the amulet of the Stallion {rC+ Regen+ Str+4}
   (You found it on level 5 of the Lair of Beasts)

   [amulet of regeneration]

   Str:       It affects your strength (+4).
   rC:        It protects you from cold.
   Regen:     It increases your rate of health regeneration.
 U - a ring of willpower (right hand)
 V - an amulet of reflection (around neck)
Wands
 t - a wand of digging (5)
 y - a wand of polymorph (20)
 A - a wand of quicksilver (23)
 O - a wand of roots (9)
Scrolls
 f - 2 scrolls of fear
 h - 5 scrolls of identify
 k - 5 scrolls of amnesia
 m - 5 scrolls of immolation
 n - 2 scrolls of brand weapon
 o - 4 scrolls of teleportation
 r - 2 scrolls of enchant armour
 v - 3 scrolls of poison
 x - 5 scrolls of butterflies
 B - 2 scrolls of magic mapping
 C - a scroll of torment
 I - a scroll of silence
 T - a scroll of blinking
Potions
 d - 2 potions of magic
 g - 3 potions of flight
 i - a potion of cancellation
 p - 6 potions of lignification
 s - 3 potions of invisibility
 u - 4 potions of attraction
 H - 3 potions of heal wounds
 J - a potion of mutation
 K - 2 potions of might
 L - 7 potions of curing
 Q - a potion of brilliance
 S - 3 potions of berserk rage
 W - a potion of resistance
Miscellaneous
 D - a phial of floods
 R - a tin of tremorstones (2/2)


   Skills:
 + Level 12.6(17.6) Fighting
 + Level 12.4(17.4) Maces & Flails
 + Level 9.1(14.1) Armour
 + Level 6.0(11.0) Dodging
 + Level 11.6(16.6) Shields
 - Level 3.0 Spellcasting
 - Level 9.0 Invocations


You had 19 spell levels left.
You didn't know any spells.
Your spell library contained the following spells:

 Spells                   Type           Power      Damage    Failure   Level
 Ensorcelled Hibernation  Hex/Ice        2%         N/A       89%         2
 Conjure Flame            Conj/Fire      2%         6-21      98%         3
 Gell's Gravitas          Tloc           1%         N/A       98%         3
 Ignite Poison            Fire/Tmut/Pois 2%         N/A       98%         3
 Lesser Beckoning         Tloc           1%         N/A       98%         3
 Spider Form              Tmut/Pois      1%         N/A       98%         3
 Teleport Other           Tloc           1%         N/A       98%         3
 Anguish                  Hex/Necr       0%         N/A       100%        4
 Olgreb's Toxic Radiance  Pois           1%         N/A       100%        4
 Sticky Flame             Conj/Fire      2%         2d3       100%        4
 Blade Hands              Tmut           0%         N/A       100%        5
 Fireball                 Conj/Fire      1%         3d3       100%        5
 Iskenderun's Battlesphe  Conj           1%         2d6       100%        5
 Conjure Ball Lightning   Conj/Air       0%         3x3d6     100%        6
 Iron Shot                Conj/Erth      0%         9d1       100%        6
 Orb of Destruction       Conj           0%         9d5       100%        7
 Ozocubu's Refrigeration  Ice            0%         4d7       100%        7
 Discord                  Hex            0%         N/A       100%        8
 Disjunction              Tloc           0%         N/A       100%        8
 Ignition                 Fire           1%         3d3       100%        8
 Chain Lightning          Conj/Air       0%         2d1       100%        9
 Fire Storm               Conj/Fire      1%         7d1       100%        9
 Shatter                  Erth           0%         3d5*      100%        9
 Animate Armour           Summ/Erth      Unusable   N/A       N/A         4
 Spellforged Servitor     Conj/Summ      Unusable   N/A       N/A         7

Dungeon Overview and Level Annotations

Branches:
Dungeon (11/15)            Temple (1/1) D:6            Lair (5/5) D:9
  Swamp (0/4) Lair:2       Spider (0/4) Lair:2        Slime (0/5) Lair:4
    Orc (2/2) D:10        Gauntlet (visited)
    Elf: Orc:2

Altars:
Ashenzari
Elyvilon
Fedhas
Hepliaklqana
Kikubaaqudgha
Nemelex Xobeh
Okawaru
Qazlal
Vehumet
Wu Jian
Xom
Yredelemnul
Zin
The Shining One
Jiyva

Shops:
D:3 *[*(   Orc:2 (

Annotations:
Lair:4 1 runed translucent door


Innate Abilities, Weirdness & Mutations

You are completely covered in rugged brown scales. (AC +3, +7% HP)
You have supernaturally acute eyesight. (SInv)
Armour fits poorly on your strangely shaped body.
You can roll at nearby foes to attack.
You have a long armoured tail.
You curl defensively after being hit. (AC +7*)


Message History

The ogre mage hits you but does no damage.
The ogre hits you but does no damage.
You can move again.
The orc shouts!
You block the orc's attack.
The two-headed ogre hits you with a +0 giant club!
* * * LOW HITPOINT WARNING * * *
You block the two-headed ogre's attack.
The orc sorcerer hits you but does no damage.
You climb upwards.
The ynoxinul disappears in a puff of smoke!
The ufetubus disappears in a puff of smoke! x3
There is a stone staircase leading down, spattered with blood here.
You see here the +0 barding of Experimentation {-Tele Harm *Slow Fly rCorr}.
You can now deal lightning-fast blows.
The ogre barely misses you.
You barely miss the ogre. You thrash the ogre mage!!
You feel better.
The ogre mage is moderately wounded.
You whack the ogre mage!
Your tail-slap misses the ogre mage.
The ogre mage is severely wounded.
You thrash the ogre mage!!
You feel better.
You kill the ogre mage!
Okawaru accepts your kill. You block the orc's attack.
The orc sorcerer hits you with a +0 dagger.
The ogre hits you with a +0 giant club!
Items here: ( ))))))))))))))) [[[[[ ÷÷÷÷ ††††††.
You thrash the orc sorcerer!!
You feel better.
The orc sorcerer is severely wounded.
The orc hits you with a +0 dagger.
The orc sorcerer points at you and mumbles some strange words.
The bolt of negative energy hits you!!!
You feel drained.
* * * LOW HITPOINT WARNING * * *
You hit the orc sorcerer.
The orc sorcerer is almost dead.
You closely miss the orc sorcerer.
Your tail-slap misses the orc sorcerer.
The orc sorcerer is almost dead.
The ogre hits you with a +0 giant club!
You die...

#.......####.........#
#.......####........##
#..#....##..........##
####.....#.........##
###...........###
#..........##
###OO.....##
#.oOO....# ###@oO####
#>O### ####


You could see 2 two-headed ogres, an orc sorcerer, 4 ogres and an orc.

Vanquished Creatures
  Kirke (Lair:3)
  A minotaur (Gauntlet)
  A blizzard demon (Gauntlet)
  Josephine (Lair:3)
  Harold (D:10)
  A merfolk avatar (Lair:5)
  An ogre mage (Orc:1)
  2 hydras
  7 two-headed ogres
  2 boulder beetles
  7 death yaks
  2 deep trolls (Orc:1)
  3 harpies (Lair:5)
  Pikel (D:5)
  2 manticores
  3 cyclopes
  An orc sorcerer (D:10)
  A worldbinder (Gauntlet)
  12 elephants (Lair:5)
  Maurice (D:11)
  The ghost of vurker the Trooper, a novice MiEn of Lugonu (D:5)
  Joseph (D:10)
  5 black mambas
  A rust devil (Gauntlet)
  14 cane toads
  A gargoyle (D:10)
  3 kobold demonologists
  2 unseen horrors (D:11)
  2 ice devils (Gauntlet)
  2 rime drakes (Lair:5)
  2 komodo dragons
  2 polar bears (Lair:5)
  2 wind drakes (Lair:5)
  8 trolls
  2 hornets
  15 blink frogs
  2 snapping turtles (Lair:5)
  A spriggan (Lair:4)
  2 shadows
  A ynoxinul (Gauntlet)
  Sigmund (D:2)
  5 wraiths
  4 wyverns
  28 yaks
  2 basilisks
  A human (Lair:3)
  6 hogs (Lair:3)
  Grum (D:11)
  4 steam dragons
  Menkaure (D:5)
  A two-headed ogre zombie (D:10)
  Edmund (D:4)
  13 water moccasins
  An acid dragon (D:11)
  An ice beast (D:7)
  11 orc warriors
  A sky beast (D:6)
  12 ogres
  5 black bears
  3 boggarts (Gauntlet)
  2 centaurs
  12 wolves
  3 lemures (D:5)
  3 phantoms
  A kobold brigand (D:9)
  10 bullfrogs
  A necrophage (D:4)
  2 scorpions
  20 wights
  4 killer bees
  7 electric eels
  5 howler monkeys
  3 jellies
  13 orc priests
  2 hounds
  A gnoll bouda (D:8)
  2 iron imps (Gauntlet)
  Ijyb (D:4)
  An iguana (Lair:2)
  20 orc wizards
  Natasha (thrice) (D:4)
  7 ogre zombies (D:10)
  Robin (D:2)
  6 adders
  6 gnolls
  2 shadow imps
  2 white imps
  4 worms
  3 dart slugs
  57 orcs
  8 bats
  3 endoplasms
  5 giant cockroaches
  13 goblins
  5 hobgoblins
  4 jackals (D:4)
  3 quokkas
  7 ball pythons
  2 frilled lizards (D:2)
  A goblin skeleton (D:10)
  4 goblin zombies (D:10)
  A hobgoblin zombie (D:10)
  13 kobolds
  An orc skeleton (D:10)
  15 orc zombies (D:10)
  5 rats
516 creatures vanquished.

Vanquished Creatures (collateral kills)
  An orc (D:6)
1 creature vanquished.

Vanquished Creatures (others)
  An orc priest (D:6)
  2 orc wizards (D:6)
  5 orcs
  2 orc zombies (D:10)
  15 demonic plants (Gauntlet)
  14 fungi
  101 plants
  3 toadstools (D:9)
143 creatures vanquished.

Grand Total: 660 creatures vanquished

Notes
Turn   | Place    | Note
-------+----------+-------------------------------------------
     0 | D:1      | nono the Palentonga Fighter began the quest for the Orb.
     0 | D:1      | Reached XP level 1. HP: 19/19 MP: 1/1
   193 | D:1      | You fall into a shaft and drop 1 floor!
   201 | D:2      | Noticed Sigmund
   202 | D:2      | Reached XP level 2. HP: 25/25 MP: 2/2
   222 | D:2      | Killed Sigmund
   223 | D:2      | Reached XP level 3. HP: 10/32 MP: 3/3
   223 | D:2      | Reached XP level 4. HP: 13/39 MP: 4/4
   223 | D:2      | Reached XP level 5. HP: 14/44 MP: 5/5
  1624 | D:2      | Noticed Robin
  1641 | D:2      | Killed Robin
  2157 | D:3      | Found Noteoj's Weapon Boutique.
  2485 | D:3      | Found Ehaynoxa's Assorted Antiques.
  2537 | D:3      | Found Ukonk's Antique Armour Shoppe.
  2740 | D:3      | Found Tuamitof's General Store.
  3009 | D:4      | Reached XP level 6. HP: 31/51 MP: 6/6
  3149 | D:4      | Noticed Natasha
  3154 | D:4      | Killed Natasha
  3203 | D:4      | Noticed Natasha
  3204 | D:4      | Noticed Ijyb
  3210 | D:4      | Killed Natasha
  3276 | D:4      | Killed Ijyb
  3714 | D:4      | Noticed Natasha
  3724 | D:4      | Killed Natasha
  3778 | D:4      | Gained mutation: You curl defensively after being hit. (AC
                  | +7*) [Palentonga growth]
  3778 | D:4      | Reached XP level 7. HP: 36/58 MP: 7/7
  3811 | D:5      | Entered Level 5 of the Dungeon
  4162 | D:5      | Found a runed translucent door.
  4162 | D:5      | Noticed vurker's ghost (novice MiEn)
  4240 | D:5      | Reached skill level 5 in Fighting
  4449 | D:5      | Noticed Menkaure
  4456 | D:5      | Noticed Pikel
  4457 | D:5      | Killed Menkaure
  4711 | D:6      | Reached skill level 5 in Shields
  4711 | D:6      | Reached XP level 8. HP: 19/67 MP: 8/8
  4970 | D:6      | Reached skill level 5 in Maces & Flails
  5386 | D:7      | Reached skill level 1 in Dodging
  6735 | D:6      | Found a staircase to the Ecumenical Temple.
  6744 | Temple   | Entered the Ecumenical Temple
  6760 | Temple   | Became a worshipper of Warmaster Okawaru
  7208 | D:5      | Killed Pikel
  7208 | D:5      | Reached * piety under Okawaru
  7209 | D:5      | Reached XP level 9. HP: 46/75 MP: 9/9
  7625 | D:4      | Noticed Edmund
  7639 | D:4      | Killed Edmund
  9602 | D:7      | Reached ** piety under Okawaru
 10115 | D:8      | Noticed a cyclops
 10144 | D:8      | Killed a cyclops
 10145 | D:8      | Reached XP level 10. HP: 55/85 MP: 7/10
 10349 | D:8      | Reached *** piety under Okawaru
 10440 | D:8      | Identified the +2 dagger "Nuheemie" {pain, rF+ Int+2 Dex+3}
 10647 | D:8      | Found a blossoming altar of Fedhas.
 11530 | D:9      | Reached skill level 5 in Dodging
 11949 | D:9      | Reached **** piety under Okawaru
 12569 | D:9      | Reached skill level 5 in Armour
 12572 | D:9      | Reached ***** piety under Okawaru
 13043 | D:9      | Found a white marble altar of Elyvilon.
 13048 | D:9      | Found a sparkling altar of Nemelex Xobeh.
 13055 | D:9      | Found a stormy altar of Qazlal.
 13072 | D:9      | Found a glowing golden altar of the Shining One.
 13075 | D:9      | Found a radiant altar of Vehumet.
 13404 | D:3      | Bought a notched ivory ring for 130 gold pieces
 13404 | D:3      | Bought a scroll of fear for 104 gold pieces
 13408 | D:3      | Bought a faintly humming buckler for 247 gold pieces
 13408 | D:3      | Identified the +3 buckler of Dixoaroq {+Blink rElec Dex-5}
                  | (You bought it in a shop on level 3 of the Dungeon)
 13507 | D:5      | Killed vurker's ghost
 13508 | D:5      | Reached XP level 11. HP: 87/95 MP: 9/11
 13651 | D:10     | Entered Level 10 of the Dungeon
 13732 | D:10     | Noticed Joseph
 13752 | D:10     | Killed Joseph
 14438 | D:10     | Received a gift from Okawaru
 14493 | D:10     | Found a staircase to the Orcish Mines.
 14505 | D:10     | Noticed an orc sorcerer
 14518 | D:10     | Killed an orc sorcerer
 14909 | D:10     | Noticed Harold
 14925 | D:10     | Killed Harold
 15363 | D:11     | Noticed a two-headed ogre
 15380 | D:11     | Killed a two-headed ogre
 15381 | D:11     | Reached skill level 10 in Fighting
 15518 | D:11     | Noticed Maurice
 15538 | D:11     | Killed Maurice
 15633 | D:11     | Reached skill level 10 in Maces & Flails
 15888 | D:11     | Noticed Grum
 15916 | D:11     | Killed Grum
 16238 | D:11     | Noticed a two-headed ogre
 16250 | D:11     | Killed a two-headed ogre
 16260 | D:11     | Reached XP level 12. HP: 78/104 MP: 12/12
 16434 | D:11     | Found a stormy altar of Qazlal.
 16573 | D:9      | Found a staircase to the Lair.
 16582 | Lair:1   | Entered Level 1 of the Lair of Beasts
 17349 | Lair:1   | Noticed a death yak
 17363 | Lair:1   | Noticed a death yak
 17363 | Lair:1   | Noticed a death yak
 17365 | Lair:1   | Noticed a death yak
 17365 | Lair:1   | Noticed a death yak
 17365 | Lair:1   | Noticed a death yak
 17368 | Lair:1   | Killed a death yak
 17383 | Lair:1   | Killed a death yak
 17386 | Lair:1   | Killed a death yak
 17395 | Lair:1   | Killed a death yak
 17395 | Lair:1   | Received a gift from Okawaru
 17410 | Lair:1   | Killed a death yak
 17411 | Lair:1   | Reached skill level 10 in Shields
 17423 | Lair:1   | Killed a death yak
 18361 | Lair:2   | Noticed a seven-headed hydra
 18370 | Lair:2   | Killed a seven-headed hydra
 18371 | Lair:2   | Found a gate leading to a gauntlet.
 18380 | Gauntlet | Entered a Gauntlet
 18380 | Gauntlet | Found a transporter.
 18380 | Gauntlet | Found a transporter.
 18386 | Gauntlet | Found a transporter.
 18389 | Gauntlet | Found a transporter.
 18389 | Gauntlet | Found a transporter.
 18403 | Gauntlet | Found a transporter.
 18408 | Gauntlet | Found a transporter.
 18559 | Gauntlet | Found a transporter.
 18567 | Gauntlet | Received a gift from Okawaru
 18571 | Gauntlet | Found a transporter.
 18576 | Gauntlet | Found a transporter.
 18579 | Gauntlet | Identified the +9 quarterstaff of Defiance {spect, Drain
                  | Will+++ Str+3}
 18579 | Gauntlet | Noticed a blizzard demon
 18587 | Gauntlet | Found a runed translucent gate.
 18588 | Gauntlet | Found a runed translucent gate.
 18589 | Gauntlet | Found a runed translucent gate.
 18612 | Gauntlet | Found a transporter.
 18633 | Gauntlet | Found a transporter.
 18654 | Gauntlet | Killed a blizzard demon
 18835 | Gauntlet | Identified the +6 great sword "Keestuy" {vorpal, Fly rF+
                  | Will- Str+2}
 18835 | Gauntlet | Noticed a minotaur
 18864 | Gauntlet | Killed a minotaur
 18873 | Gauntlet | Identified the +1 chain mail of Negation {rC+++ MP-9 Dex+2}
 18873 | Gauntlet | Identified the +2 leather armour of Quantum Leap {Rampage
                  | rN+}
 19206 | Lair:2   | Reached XP level 13. HP: 113/113 MP: 1/13
 19314 | Lair:2   | Reached skill level 1 in Invocations
 19382 | Lair:2   | Found a broken altar of Ashenzari.
 19472 | Lair:2   | Found a staircase to the Swamp.
 19588 | Lair:2   | Identified the +0 barding of Cazirrecs {Drain rCorr Int+2}
                  | (Okawaru gifted it to you on level 2 of the Lair of Beasts)
 19588 | Lair:2   | Received a gift from Okawaru
 20439 | Lair:3   | Noticed Josephine
 20452 | Lair:3   | Killed Josephine
 20964 | Lair:3   | Reached skill level 5 in Invocations
 20988 | Lair:3   | Noticed Kirke
 21001 | Lair:3   | Killed Kirke
 21788 | Lair:4   | Found a runed translucent door.
 21789 | Lair:4   | Found a viscous altar of Jiyva.
 21796 | Lair:4   | Found a staircase to the Slime Pits.
 22697 | Lair:5   | Entered Level 5 of the Lair of Beasts
 22727 | Lair:5   | Found a white marble altar of Elyvilon.
 22771 | Lair:5   | Reached skill level 1 in Spellcasting
 22906 | Lair:5   | Identified the +4 arbalest "Ychadd" {speed, Str+2} (Okawaru
                  | gifted it to you on level 5 of the Lair of Beasts)
 22906 | Lair:5   | Received a gift from Okawaru
 23113 | Lair:5   | Reached XP level 14. HP: 123/123 MP: 11/20
 23906 | Lair:5   | Reached ****** piety under Okawaru
 23946 | Lair:5   | Identified the amulet of the Stallion {rC+ Regen+ Str+4}
 24187 | Orc:1    | Entered Level 1 of the Orcish Mines
 24274 | Orc:2    | Entered Level 2 of the Orcish Mines
 24274 | Orc:2    | Found Itehiwo's Weapon Shop.
 24768 | Orc:1    | Identified the +0 barding of Experimentation {-Tele Harm
                  | *Slow Fly rCorr} (Okawaru gifted it to you on level 1 of
                  | the Orcish Mines)
 24768 | Orc:1    | Received a gift from Okawaru
 24835 | Orc:2    | Paralysed by an ogre mage for 2 turns
 24847 | Orc:1    | Mangled by an ogre

Illustrated notes

Levels and vault maps discovered:
D:1:      grunt_arrival_crossed_arrows, layout_basic, corexii_corridor_pit
D:2:      layout_basic, uniq_robin, uniq_sigmund
D:3:      layout_loops_cross, serial_shops, shop_statue,
          nicolae_shop_hallway_plus, nicolae_shop_advertising_works
          [nicolae_subvault_shop_adworks], nicolae_shop_hallway_stairs
D:4:      layout_basic, uniq_edmund, uniq_ijyb, uniq_natasha
D:5:      layout_basic, gammafunk_ghost_grave, uniq_pikel, uniq_menkaure
D:6:      layout_layer_cave, lemuel_temple_firewalk_b, nicolae_eternal_life,
          minmay_statues_item
D:7:      layout_basic
D:8:      layout_rooms, mainiacjoe_overflow_chevrons, kennysheep_generic_room_8
D:9:      layout_rooms, minmay_overflow_temple_star_hex, lair_entry_dummy,
          minmay_gold_behind_fungi, grunt_ministairs_13, minivault_1,
          minmay_increasing_density
D:10:     layout_roguey, zombieorc2_lemuel, serial_bayou_lagoon_b, uniq_harold,
          uniq_joseph
D:11:     layout_roguey, dk_noncrumbling_3, nicolae_qazlal_eye_of_the_storm,
          uniq_maurice, uniq_grum
Temple:   nicolae_temple_bog_church
Lair:1:   layout_regular_city
Lair:2:   layout_hall_layers, minmay_swamp_entry_reptiles,
          spider_nest_entry_funnel_web, gauntlet_entry_generic, basic_altar,
          serial_bayou_shore_a, lemuel_fruit_tree
Lair:3:   layout_gridlike, lemuel_another_geyser, infiniplex_staircase_pool,
          uniq_josephine, uniq_kirke
Lair:4:   layout_hall_layers, slime_entry_2, grunt_forest_large_clearing_hut
Lair:5:   gammafunk_lair_ancient_temple, layout_cave_pods, basic_altar,
          hangedman_lair_unloving_vines
Orc:1:    layout_diamond_mine, minmay_shop_mayhem
Orc:2:    st_orc_open, layout_caves

Skill      XL: |  1  2  3  4  5  6  7  8  9 10 11 12 13 14 |
---------------+-------------------------------------------+-----
Maces & Flails | 3 4 6 7 8 10 11 12 | 12.4
Armour         | 3 4 5 6 8 9 |  9.1
Shields        | 3 4 5 6 7 8 9 10 11 | 11.6
Fighting       | 4 5 6 8 9 10 11 12 | 12.6
Dodging        | 3 4 5 6 |  6.0
Invocations    | 9 |  9.0
Spellcasting   | 2 3 |  3.0

Action                   |  1- 3 |  4- 6 |  7- 9 | 10-12 | 13-15 || total
-------------------------+-------+-------+-------+-------+-------++-------
Melee: Flail             |    27 |     5 |   228 |   605 |       ||   865
       Tailslap          |     2 |    27 |    52 |   136 |   170 ||   387
       Dagger            |    11 |   219 |    94 |       |       ||   324
       Unarmed           |       |     5 |       |       |       ||     5
       Mace              |       |       |    52 |       |       ||    52
       Whip              |       |       |       |    17 |       ||    17
       Demon whip        |       |       |       |   244 |   879 ||  1123
Invok: Heroism           |       |       |     2 |    23 |    16 ||    41
       Finesse           |       |       |       |       |     1 ||     1
 Abil: Rolling Charge    |     3 |       |     2 |       |       ||     5
       Evoke Blink       |       |       |       |       |     1 ||     1
Evoke: Wand              |       |     1 |     1 |       |     2 ||     4
       Phial of floods   |       |       |       |       |     1 ||     1
       Tin of tremorston |       |       |       |       |     1 ||     1
  Use: Potion            |     1 |       |     4 |     3 |     3 ||    11
       Scroll            |       |       |     5 |    14 |     8 ||    27
 Stab: Distracted        |       |       |       |       |     1 ||     1
Armor: Scale mail        |    18 |    99 |    96 |    43 |       ||   256
       Skin              |       |     2 |       |       |       ||     2
       Chain mail        |       |       |    48 |     1 |   350 ||   399
       Plate armour      |       |       |       |   239 |       ||   239
Dodge: Dodged            |    23 |    96 |   182 |   273 |   107 ||   681
Block: Buckler           |     3 |     4 |       |    52 |   480 ||   539
       Kite shield       |       |    67 |   202 |   360 |       ||   629
       Reflection        |       |       |       |       |     5 ||     5

Table legend: (Time is in decaauts)
 A = Elapsed time spent in this place.
 B = Non-inter-level travel time spent in this place.
 C = Inter-level travel time spent in this place.
 D = Time resting spent in this place.
 E = Time spent auto-exploring this place.
 F = Levels seen in this place.
 G = Mean time per level.
                   A        B        C        D        E       F      G
               +--------+--------+--------+--------+--------+-----+--------+
         Total |  24556 |  22800 |   1756 |   3689 |  14073 |  20 | 1227.8 |
       Dungeon |  16938 |  15827 |   1111 |   2735 |  10110 |  11 | 1539.8 |
        Temple |     26 |      4 |     22 |      0 |      0 |   1 |   26.0 |
          Lair |   6519 |   5948 |    571 |    434 |   3963 |   5 | 1303.8 |
  Orcish Mines |    368 |    317 |     51 |    121 |      0 |   2 |  184.0 |
      Gauntlet |    702 |    702 |      0 |    398 |      0 |   1 |  702.0 |
               +--------+--------+--------+--------+--------+-----+--------+

Top non-repeatable levels by time:
     D:6: 2753 daAuts
    D:10: 1875 daAuts
     D:5: 1864 daAuts
  Lair:1: 1713 daAuts
     D:7: 1673 daAuts
     D:8: 1657 daAuts
     D:9: 1621 daAuts
  Lair:3: 1452 daAuts
     D:2: 1446 daAuts
     D:4: 1316 daAuts
  Lair:5: 1275 daAuts
    D:11: 1242 daAuts
  Lair:4: 1216 daAuts
     D:3: 902 daAuts
  Lair:2: 861 daAuts
